 Dungeon Crawl Stone Soup version 0.26-a0-490-gf8362a0c98 (webtiles) character file.

Game seed: 3388329224868168181

9 Devinter the Sneak (level 2, -3/24 HPs)
             Began as a Demonspawn Delver on Aug 4, 2020.
             Killed from afar by an orc wizard (12 damage)
             ... with a puff of frost
             ... on level 4 of the Dungeon.
             The game lasted 00:00:47 (27 turns).

Devinter the Sneak (Demonspawn Delver)                Turns: 27, Time: 00:00:48

Health: -3/24      AC:  3    Str: 12    XL:     2   Next: 3%
Magic:  2/2        EV: 12    Int: 11    God:
Gold:   0          SH:  0    Dex: 14    Spells: 1/1 levels left

rFire    . . .     SeeInvis .   a - +0 falchion
rCold    . . .     Faith    .   (no shield)
rNeg     . . .     Spirit   .   b - +0 leather armour
rPois    .         Reflect  .   (no helmet)
rElec    .         Harm     .   (no cloak)
rCorr    .                      (no gloves)
MR       .....                  (no boots)
Stlth    ++........             (no amulet)
HPRegen  0.08/turn              (no ring)
MPRegen  0.08/turn              (no ring)

@: no status effects
A: hooves 1
a: no special abilities


You were on level 4 of the Dungeon.
You visited 1 branch of the dungeon, and saw 2 of its levels.

Inventory:

Hand Weapons
 a - a +0 falchion (weapon)
Armour
 b - a +0 leather armour (worn)
Wands
 g - a wand of digging (3)
Scrolls
 c - a scroll of fog
 d - a scroll of magic mapping
 e - a scroll of fear
Potions
 f - a potion of haste


   Skills:
 + Level 3.1 Fighting
 + Level 2.0 Long Blades
 + Level 2.0 Dodging
 + Level 4.6 Stealth


You had one spell level left.
You didn't know any spells.
Your spell library was empty.

Dungeon Overview and Level Annotations

Branches:
Dungeon (5/15)
 Temple: D:4-7

Altars:


Innate Abilities, Weirdness & Mutations

You have large cloven feet.


Message History

An orc comes into view.
The orc shouts!
You hit the orc wizard. You kick the orc wizard.
The orc wizard is moderately wounded.
The orc wizard hits you but does no damage.
The orc closely misses you.
The orc wizard hits you with a +0 dagger.
You barely miss the orc wizard. Your kick misses the orc wizard.
The orc wizard is moderately wounded.
The orc hits you with a +0 mace.
* * * LOW HITPOINT WARNING * * *
The orc wizard closely misses you.
Unknown command.
You hit the orc wizard. You kick the orc wizard.
The orc wizard is heavily wounded.
The orc barely misses you.
The orc wizard points at you and mumbles some strange words.
The puff of frost hits you!
Ouch! That really hurt!
You die...

.... ......# .
......# #. #..
..# #. ##.##..#
#. #......## #.
#........
#.##@...#.#
#.oo...#.#
#o#o###.#.######
#.#..#
#.........
#.#.#.#
##...####
#.#.#..####...#
#.#.#
#........#####.
.#.#
#.#####.>.......
##
##.............


You could see an orc wizard and 3 orcs.

Vanquished Creatures
  An adder (D:4)
1 creature vanquished.

Notes
Turn   | Place    | Note
-------+----------+-------------------------------------------
     0 | D:5      | Devinter the Demonspawn Delver began the quest for the Orb.
     0 | D:5      | Reached XP level 1. HP: 18/18 MP: 1/1
     3 | D:5      | Noticed an orc wizard
     4 | D:5      | Noticed an orc wizard
    15 | D:4      | Noticed an orc wizard
    21 | D:4      | Reached skill level 2 in Long Blades
    21 | D:4      | Reached skill level 2 in Dodging
    21 | D:4      | Gained mutation: You have large cloven feet. [demonic
                  | ancestry]
    21 | D:4      | Reached XP level 2. HP: 17/24 MP: 2/2
    27 | D:4      | Killed from afar by an orc wizard

Illustrated notes

Levels and vault maps discovered:
D:4:      layout_basic, marbit_many_paths, kennysheep_mini, uniq_blork_the_orc
D:5:      layout_basic, grunt_temple_overflow_forces_of_nature, uniq_eustachio

Skill      XL: |  1 |
---------------+----+-----
Long Blades    | 2 |  2.0
Dodging        | 2 |  2.0
Fighting       | |  3.1
Stealth        | |  4.6

Action                   || total
-------------------------++-------
Melee: Falchion          ||     9
       Kick              ||     3
Armor: Leather armour    ||     2
Dodge: Dodged            ||     9
       Rpst.: Falchion   ||     1

Table legend: (Time is in decaauts)
 A = Elapsed time spent in this place.
 B = Non-inter-level travel time spent in this place.
 C = Inter-level travel time spent in this place.
 D = Time resting spent in this place.
 E = Time spent auto-exploring this place.
 F = Levels seen in this place.
 G = Mean time per level.
                   A        B        C        D        E       F      G
               +--------+--------+--------+--------+--------+-----+--------+
         Total |     28 |     28 |      0 |      0 |      0 |   2 |   14.0 |
       Dungeon |     28 |     28 |      0 |      0 |      0 |   2 |   14.0 |
               +--------+--------+--------+--------+--------+-----+--------+

Top non-repeatable levels by time:
     D:4: 22 daAuts
     D:5: 6 daAuts
